[Event "ICC tourney 2398 (75 10)"]
[Site "Internet Chess Club"]
[Date "2021.02.21"]
[Round "6"]
[White "el008"]
[Black "hpawnbomb"]
[Result "0-1"]
[ICCResult "White checkmated"]
[WhiteElo "1971"]
[BlackElo "2188"]
[Opening "Giuoco Piano"]
[ECO "C54"]
[NIC "IG.02"]
[Time "18:07:18"]
[PlyCount "178"]
[TimeControl "4500+10"]

1. e4 e5 2. Nf3 Nc6 3. Bc4 Bc5 4. c3 Nf6 5. d3 d6 6. O-O h6 7. Nbd2 g5 8.
Kh1 Bb6 9. Ng1 Ng4 10. Qe2 Ne7 11. Nb3 Ng6 12. d4 Nf4 13. Qf3 Qe7 14. Ne2
Bd7 15. a4 a6 16. a5 Ba7 17. Ng3 h5 18. Be3 Nh6 19. Qd1 h4 20. Ne2 Qf6 21.
Ng1 Qg6 22. dxe5 dxe5 23. Bxa7 Rxa7 24. Nc5 Bc6 25. Bd5 Bxd5 26. exd5 f5
27. Re1 Nf7 28. Nd3 Nxd3 29. Qxd3 O-O 30. c4 Qf6 31. Nf3 g4 32. Nxe5 Nxe5
33. Qe3 Nd3 34. Qxd3 Qxb2 35. Qe3 Raa8 36. Rab1 Qf6 37. Rxb7 Rae8 38. Qxe8
Rxe8 39. Rxe8+ Kf7 40. Re1 Qd6 41. Rd1 Kf6 42. Ra7 h3 43. gxh3 Qf4 44.
Rxa6+ Kf7 45. Kg1 gxh3 46. Ra1 Qg4+ 47. Kf1 Qxc4+ 48. Ke1 Qxa6 49. Ra3 Qd6
50. Rxh3 Qxd5 51. Ra3 Qe5+ 52. Kf1 Qb2 53. Rf3 Qb5+ 54. Kg2 Qxa5 55. h4 Kg6
56. Kh3 Qe1 57. Rg3+ Kf6 58. Kg2 Qe4+ 59. Kg1 Qxh4 60. Rc3 Qf4 61. Rc6+ Kg5
62. Kf1 Qe5 63. Rc2 c5 64. Re2 Qd5 65. Ke1 c4 66. Rd2 Qe4+ 67. Re2 Qb1+ 68.
Kd2 Qb4+ 69. Kc2 c3 70. Kd3 Kf4 71. Rc2 Kf3 72. Rxc3 Qxc3+ 73. Kxc3 Kxf2
74. Kd4 f4 75. Ke4 f3 76. Kf4 Kg2 77. Ke4 f2 78. Ke3 f1=Q 79. Ke4 Qf3+ 80.
Kd4 Kg3 81. Ke5 Qd3 82. Ke6 Qd4 83. Kf5 Kf3 84. Kg5 Qf4+ 85. Kg6 Kg4 86.
Kh7 Qg5 87. Kh8 Kf5 88. Kh7 Kf6 89. Kh8 Qg7# { White checkmated } 0-1

[Event "ICC tourney 2398 (75 10)"]
[Site "Internet Chess Club"]
[Date "2021.02.21"]
[Round "6"]
[White "arsenicblast"]
[Black "Heliosis"]
[Result "1-0"]
[ICCResult "Black resigns"]
[WhiteElo "1975"]
[BlackElo "1922"]
[Opening "Giuoco Pianissimo"]
[ECO "C55"]
[NIC "IG.01"]
[Time "18:07:58"]
[PlyCount "103"]
[TimeControl "4500+10"]

1. e4 e5 2. Nf3 Nc6 3. Bc4 Nf6 4. d3 Bc5 5. O-O d6 6. c3 a6 7. a4 Ba7 8.
Nbd2 O-O 9. h3 h6 10. Re1 Ne7 11. Nf1 Ng6 12. Ng3 Be6 13. Bb3 c6 14. d4 Qc7
15. Be3 exd4 16. cxd4 Bxb3 17. Qxb3 Rfe8 18. Qc2 Qd7 19. Rad1 Rac8 20. Qd3
Rcd8 21. b4 b5 22. a5 Qc7 23. Qc2 Rc8 24. Rc1 Nd7 25. Nf5 Nf6 26. Nd2 Qd8
27. Qd3 Qd7 28. f3 Red8 29. Nb3 Ne7 30. Nxe7+ Qxe7 31. Qc3 Nh5 32. g4 Nf6
33. Bf2 Qd7 34. Rc2 Qe6 35. Rec1 h5 36. Qe3 hxg4 37. hxg4 Qd7 38. Rc3 Re8
39. Qf4 Qe6 40. Nd2 d5 41. e5 Nd7 42. Qg3 f6 43. f4 fxe5 44. fxe5 Rf8 45.
Nf3 Qe7 46. Rxc6 Rxc6 47. Rxc6 Nb8 48. Rd6 Qf7 49. Kg2 Rc8 50. Ng5 Qe7 51.
Qh4 Nd7 52. Qh7+ { Black resigns } 1-0